 Dungeon Crawl Stone Soup version 0.29.1-4-g47bece8355 (webtiles) character file.

Game seed: 3173458238149013620

523 ChadusMaximus the Caller (level 7, -15/46 HPs)
             Began as a Human Summoner on Dec 6, 2022.
             Demolished by Duvessa
             ... wielding a +4 short sword of venom
              (17 damage)
             ... on level 4 of the Dungeon.
             The game lasted 00:05:17 (4325 turns).

ChadusMaximus the Caller (Human Summoner)           Turns: 4325, Time: 00:05:19

Health: -15/46     AC:  3    Str:  8    XL:     7   Next: 46%
Magic:  5/12       EV: 13    Int: 18    God:
Gold:   134        SH:  0    Dex: 13    Spells: 7/13 levels left

rFire   . . .      SeeInvis .   r - +0 halberd
rCold   . . .      Faith    .   (shield currently unavailable)
rNeg    . . .      Spirit   .   a - +0 robe
rPois   .          Reflect  .   (no helmet)
rElec   .          Harm     .   d - +0 cloak
rCorr   .          Rampage  .   (no gloves)
Will    .....                   (no boots)
Stlth   +++.......              g - amulet of regeneration
HPRegen 0.95/turn               (no ring)
MPRegen 0.13/turn               (no ring)

@: lethally poisoned (-15 -> -29)
A: no striking features
a: no special abilities


You were on level 4 of the Dungeon.
You visited 1 branch of the dungeon, and saw 4 of its levels.

You collected 134 gold pieces.

Inventory:

Hand Weapons
 c - a +0 whip
 j - a +0 mace
 n - a +0 spear
 r - a +0 halberd (weapon)
Armour
 a - a +0 robe (worn)
 d - a +0 cloak (worn)
 k - a +0 buckler
Magical Staves
 s - a staff of conjuration
Jewellery
 g - an amulet of regeneration (around neck)
 o - a ring of willpower
Scrolls
 e - a scroll of enchant weapon {unknown}
 l - 2 scrolls of butterflies {unknown}
 t - a scroll of identify {unknown}
Potions
 b - a potion of magic
 f - a potion of flight {unknown}
 h - a potion of lignification {unknown}
 i - 2 potions of invisibility {unknown}
 m - 2 potions of brilliance {unknown}
 p - a potion of curing {unknown}
 q - 2 potions of berserk rage {unknown}


   Skills:
 + Level 4.1 Dodging
 + Level 4.4 Stealth
 + Level 3.8 Spellcasting
 + Level 5.4 Summonings


You had 7 spell levels left.
You knew the following spells:

 Your Spells              Type           Power      Damage    Failure   Level
a - Summon Small Mammal   Summ           92%        N/A       1%          1
b - Call Canine Familiar  Summ           23%        N/A       4%          3
c - Call Imp              Summ           23%        N/A       2%          2

Your spell library contained the following spells:

 Spells                   Type           Power      Damage    Failure   Level
 Summon Guardian Golem    Hex/Summ       13%        N/A       14%         3
 Confusing Touch          Hex            3%         N/A       41%         3
 Ozocubu's Armour         Ice            3%         N/A       41%         3
 Summon Lightning Spire   Summ/Air       13%        N/A       43%         4
 Yara's Violent Unravell  Hex/Tmut       1%         3d3       99%         5
 Enfeeble                 Hex            1%         N/A       100%        7
 Ozocubu's Refrigeration  Ice            1%         4d7       100%        7


Dungeon Overview and Level Annotations

Branches:
Dungeon (4/15)
 Temple: D:4-7

Altars:
Elyvilon
Kikubaaqudgha
Ru

Annotations:
D:4 Duvessa


Message History

The puff of frost hits Dowan!
Casting: Call Imp (safe; 2% risk of failure)
Confirm with . or Enter, or press ? or * to list all spells.
Duvessa barely misses your white imp.
Dowan hits your white imp but does no damage.
Your white imp hits Dowan.
Your white imp freezes Dowan.
You reach to attack!
You strike the helpless Dowan from behind!
You hit Dowan.
You kill Dowan!
Duvessa screams in rage.
Duvessa goes berserk!
Duvessa barely misses your white imp.
Duvessa completely misses your white imp.
Your white imp hits Duvessa but does no damage.
Your hound bites Duvessa.
You reach to attack!
You hit Duvessa.
Duvessa is severely wounded.
Duvessa hits your white imp with a +4 short sword of venom.
Your hound closely misses Duvessa.
Duvessa hits your white imp with a +4 short sword of venom.
Your white imp dies!
Your white imp disappears in a puff of smoke!
Your hound closely misses Duvessa.
Duvessa rages.
You barely miss Duvessa.
Duvessa is severely wounded.
Your hound bites Duvessa but does no damage.
Duvessa hits you with a +4 short sword of venom!!
You are poisoned.
Your hound bites Duvessa but does no damage.
Duvessa hits you with a +4 short sword of venom!
* * * LOW HITPOINT WARNING * * *
You hit Duvessa.
Duvessa is severely wounded.
* * * LOW HITPOINT WARNING * * *
You feel extremely sick.
Your hound barely misses Duvessa.
Duvessa closely misses you.
Your hound bites Duvessa.
Duvessa hits you with a +4 short sword of venom!
You die...

##### ##
######...###...#
#......Peh..._..
#.####.@.###..
#.# ##### #.#
#.# #..# #.# #.
#... #.# #.P
#..# #.# .. #..#
#.# #.##..# #.#
####.#.†.##


You could see Duvessa (berserk, ally target) and a friendly hound (summoned).

Vanquished Creatures
  A phantom (D:4)
  Dowan (D:4)
  A hound (D:2)
  A jelly (D:4)
  A gnoll (D:4)
  2 adders
  A dart slug (D:4)
  4 orcs
  2 ball pythons (D:2)
  2 bats
  5 endoplasms
  4 giant cockroaches
  5 goblins
  7 hobgoblins
  A quokka (D:2)
  3 frilled lizards
  3 kobolds
  A rat (D:1)
45 creatures vanquished.

Vanquished Creatures (collateral kills)
  An ogre (D:3)
  A hound (D:4)
  An orc wizard (D:3)
  5 gnolls
  4 adders
  A worm (D:2)
  4 orcs
  3 endoplasms
  A goblin (D:3)
  2 hobgoblins
  4 jackals (D:2)
  2 kobolds (D:1)
  2 quokkas
  2 ball pythons (D:4)
  5 rats
38 creatures vanquished.

Vanquished Creatures (others)
  4 plants (D:2)
  8 withered plants (D:2)
12 creatures vanquished.

Grand Total: 95 creatures vanquished

Notes
Turn   | Place    | Note
-------+----------+-------------------------------------------
     0 | D:1      | ChadusMaximus the Human Summoner began the quest for the
                  | Orb.
     0 | D:1      | Reached XP level 1. HP: 13/13 MP: 3/3
   655 | D:1      | Reached XP level 2. HP: 9/19 MP: 1/5
  1329 | D:1      | Reached XP level 3. HP: 19/24 MP: 3/6
  1940 | D:2      | Found an ancient bone altar of Kikubaaqudgha.
  1953 | D:2      | Learned a level 3 spell: Call Canine Familiar
  1956 | D:2      | Learned a level 2 spell: Call Imp
  2114 | D:2      | Reached XP level 4. HP: 30/30 MP: 7/7
  2180 | D:2      | Found a faded altar of an unknown god.
  2578 | D:2      | Reached XP level 5. HP: 26/35 MP: 6/9
  2763 | D:3      | Noticed an ogre
  2774 | D:3      | Killed an ogre
  2775 | D:3      | Reached XP level 6. HP: 41/41 MP: 6/10
  2887 | D:3      | Found a sacrificial altar of Ru.
  3266 | D:3      | Reached skill level 5 in Summonings
  4102 | D:4      | Reached XP level 7. HP: 36/46 MP: 12/12
  4308 | D:4      | Noticed Dowan
  4314 | D:4      | Found a white marble altar of Elyvilon.
  4314 | D:4      | Noticed Duvessa
  4322 | D:4      | Killed Dowan
  4325 | D:4      | HP: 2/46 [poisoned by Duvessa]
  4325 | D:4      | Demolished by Duvessa

Illustrated notes

Levels and vault maps discovered:
D:1:      ncdulo_wetmaze, layout_basic
D:2:      layout_loops_ring, shapermc_ecumenical_altar_flowoftime, basic_altar
D:3:      layout_loops_ring, nicolae_overflow_crystal_walls,
          grunt_ministairs_11, grunt_decor_cap
D:4:      minmay_spotlight, layout_basic, elyvilon_altar_1, minivault_23,
          minmay_cut_off, uniq_blork_the_orc, uniq_duvessa, uniq_sigmund,
          uniq_robin

Skill      XL: |  1  2  3  4  5  6  7 |
---------------+----------------------+-----
Dodging        | 3 4 |  4.1
Stealth        | 3 4 |  4.4
Spellcasting   | 3 |  3.8
Summonings     | 5 |  5.4

Action                   |  1- 3 |  4- 6 |  7- 9 || total
-------------------------+-------+-------+-------++-------
Melee: Whip              |    84 |       |       ||    84
       Unarmed           |     4 |       |       ||     4
       Mace              |    17 |    54 |       ||    71
       Punch             |     2 |     1 |       ||     3
       Spear             |       |    76 |       ||    76
       Halberd           |       |    20 |    29 ||    49
 Cast: Summon Small Mamm |    33 |     9 |     2 ||    44
       Call Canine Famil |     1 |    16 |     4 ||    21
       Call Imp          |       |     4 |     1 ||     5
 Stab: Sleeping          |     3 |     5 |     1 ||     9
       Distracted        |       |       |     1 ||     1
Armor: Robe              |    30 |    29 |     2 ||    61
Dodge: Dodged            |    89 |   104 |    20 ||   213
